 Seeded DCSS version 0.30-a0-956-gcec3b41aec (webtiles) character file.

Game seed: 3125986916090331667 (custom seed)

6 Parcival the Sneak (level 2, 0/17 HPs)
             Began as a Kobold Brigand on Mar 29, 2023.
             Slain by a kobold
             ... wielding a +0 short sword
              (4 damage)
             ... on level 1 of the Dungeon.
             The game lasted 00:00:56 (278 turns).

Parcival the Sneak (Kobold Brigand)                  Turns: 278, Time: 00:00:57

Health: 0/17       AC:  3    Str:  8    XL:     2   Next: 0%
Magic:  2/2        EV: 14    Int: 14    God:
Gold:   0          SH:  0    Dex: 21    Spells: 1/1 levels left

rFire   + . .      SeeInvis .    a - +2 dagger
rCold   + . .      Faith    .    (no shield)
rNeg    . . .      Spirit   .    b - +0 robe
rPois   .          Reflect  .    (no helmet)
rElec   .          Rampage  .    c - +0 cloak
rCorr   +                        (no gloves)
Will    .....                    (no boots)
Stlth   ++++                     (no amulet)
HPRegen 0.22/turn                f - ring "Cegoax" {rF+ rC+ rCorr Int+2 Dex+5}
MPRegen 0.08/turn                (no ring)

@: no status effects
A: small, no large weapons, nightstalker 3
a: no special abilities


You were on level 1 of the Dungeon.
You visited 1 branch of the dungeon, and saw 1 of its levels.

Inventory:

Hand Weapons
 a - a +2 dagger (weapon)
Missiles
 d - 9 poisoned darts (quivered)
 e - 3 curare-tipped darts
Armour
 b - a +0 robe (worn)
 c - a +0 cloak (worn)
Jewellery
 f - the ring "Cegoax" (left hand) {rF+ rC+ rCorr Int+2 Dex+5}
   (You acquired it on level 1 of the Dungeon)

   [ring of protection from cold]

   Int:       It affects your intelligence (+2).
   Dex:       It affects your dexterity (+5).
   rF:        It protects you from fire.
   rC:        It protects you from cold.
   rCorr:     It protects you from acid and corrosion.


   Skills:
 + Level 2.2 Fighting
 + Level 2.6 Short Blades
 + Level 2.3 Throwing
 + Level 1.2 Dodging
 + Level 5.7 Stealth


You had one spell level left.
You didn't know any spells.
Your spell library was empty.

Dungeon Overview and Level Annotations

Branches:
Dungeon (1/15)

Altars:


Innate Abilities, Weirdness & Mutations

You are small and have problems with some larger weapons.
You are completely attuned to the shadows.


Message History

* * * LOW HITPOINT WARNING * * *
The kobold hits you with a +0 short sword.
* * * LOW HITPOINT WARNING * * *
The kobold hits you but does no damage.
The kobold hits you with a +0 short sword.
* * * LOW HITPOINT WARNING * * *
The kobold closely misses you. The kobold barely misses you.
The kobold misses you. The kobold closely misses you.
The kobold hits you but does no damage. The kobold closely misses you.
The kobold misses you. The kobold closely misses you.
The kobold barely misses you. The kobold misses you.
The kobold hits you with a +0 short sword.
* * * LOW HITPOINT WARNING * * *
The kobold closely misses you. The kobold barely misses you.
The kobold closely misses you. The kobold hits you but does no damage.
The kobold closely misses you. The kobold misses you. The kobold misses you.
The kobold barely misses you. The kobold closely misses you.
Unknown command.
The kobold hits you but does no damage. The kobold barely misses you.
The kobold hits you but does no damage. The kobold hits you but does no damage.
The kobold hits you with a +0 short sword.
* * * LOW HITPOINT WARNING * * *
The kobold barely misses you. The kobold misses you.
The kobold hits you but does no damage. The kobold hits you but does no damage.
The kobold hits you with a +0 short sword.
You die...

.. ..P.+..# ..#
..♣...~#..# ##.##
P.8.P.~#..# ...
.bPb.~##..#### #K###.
~~.~~##......# #@....
##+###....##.###>###.
....(.######.....#
#...### #####.# #...#
#.# ....# #.# ....#
#.# ....# .#.##


You could see a kobold.

Vanquished Creatures
  An endoplasm (D:1)
  A kobold (D:1)
  A ball python (D:1)
  2 goblins (D:1)
  A rat (D:1)
6 creatures vanquished.

Notes
Turn   | Place    | Note
-------+----------+-------------------------------------------
     0 | D:1      | Parcival the Kobold Brigand began the quest for the Orb.
     0 | D:1      | Reached XP level 1. HP: 12/12 MP: 1/1
    19 | D:1      | Identified a scroll of acquirement
    19 | D:1      | Acquired the ring "Cegoax" {rF+ rC+ rCorr Int+2 Dex+5}
   145 | D:1      | Reached XP level 2. HP: 17/17 MP: 2/2
   278 | D:1      | Slain by a kobold

Illustrated notes

Levels and vault maps discovered:
D:1:      amcnicky_arrival_single_pillar, layout_loops_cross,
          hangedman_glass_garden

Action                     || total
---------------------------++-------
  Melee: Dagger            ||    13
    Use: Scroll            ||     1
   Stab: Sleeping          ||     1
 Armour: Robe              ||    15
  Dodge: Dodged            ||    58

Table legend: (Time is in decaauts)
 A = Elapsed time spent in this place.
 B = Non-inter-level travel time spent in this place.
 C = Inter-level travel time spent in this place.
 D = Time resting spent in this place.
 E = Time spent auto-exploring this place.
 F = Levels seen in this place.
 G = Mean time per level.
                   A        B        C        D        E       F      G
               +--------+--------+--------+--------+--------+-----+--------+
         Total |    275 |    275 |      0 |      0 |    113 |   1 |  275.0 |
       Dungeon |    275 |    275 |      0 |      0 |    113 |   1 |  275.0 |
               +--------+--------+--------+--------+--------+-----+--------+

Top non-repeatable levels by time:
     D:1: 275 daAuts
